Map: Emerald City CE

Players

dnacrystal

  • Race: Protoss Protoss
  • Spawn Location: 11:00

A.I. 1 (Very Easy)

  • Race: Terran Terran
  • Spawn Location: 11:00

A.I. 2 (Very Easy)

  • Race: Protoss Protoss
  • Spawn Location: 5:00

A.I. 3 (Very Easy)

  • Race: Protoss Protoss
  • Spawn Location: 5:00

VOD

Have the link to the VOD?

Description

Build Order test

Time

  • Played on: Nov. 14, 2024, 12:10 p.m.
  • Length: 7:37
Show
View Real Time Build Order
Export as new Build Order

dnacrystal Protoss 

Build Orders: 1 Gate Expand 

Get SALT Encoding   

  12  0:00  Probe  
  13  0:12  Probe  
  14  0:18  Pylon  
  14  0:24  Probe  
  15  0:36  Probe (Chrono Boost)  
  15  0:40  Gateway  
  16  0:46  Probe (Chrono Boost)  
  17  0:51  Probe (Chrono Boost)  
  18  1:03  Probe  
  19  1:13  Nexus  
  19  1:17  Probe  
  20  1:26  Assimilator  
  20  1:30  Assimilator, Probe  
  21  1:38  Cybernetics Core  
  21  1:42  Probe  
  22  1:50  Pylon  
  23  1:54  Probe  
  23  2:02  Assimilator  
  23  2:08  Zealot, Probe  
  26  2:20  Probe  
  27  2:25  Probe  
  27  2:28  Stargate  
  28  2:33  Probe  
  29  2:37  Probe  
  30  2:44  Stargate  
  30  2:47  Probe  
  30  2:49  Probe  
  32  2:54  Warp Gate  
  32  2:59  Probe  
  32  3:01  Probe  
  34  3:11  Probe  
  35  3:16  Probe  
  40  3:20  Void Ray (Chrono Boost)  
  40  3:21  Pylon  
  40  3:24  Probe  
  41  3:28  Probe  
  42  3:39  Probe  
  42  3:40  Probe  
  42  3:41  Void Ray (Chrono Boost)  
  48  3:45  Pylon  
  48  3:51  Probe  
  48  3:52  Probe  
  54  4:03  Assimilator, Probe  
  54  4:05  Void Ray (Chrono Boost), Probe  
  56  4:16  Probe  
  61  4:17  Void Ray (Chrono Boost)  
  61  4:20  Pylon  
  61  4:22  Probe  
  62  4:26  Forge  
  70  4:46  Void Ray x2 (Chrono Boost)  
  70  4:47  Pylon  
  70  4:53  Pylon, Shield Battery  
  70  5:00  Photon Cannon  
  78  5:14  Void Ray (Chrono Boost)  
  78  5:16  Void Ray (Chrono Boost)  
  78  5:37  Pylon  
  78  5:41  Photon Cannon  
  86  5:53  Void Ray x2  
  82  6:07  Photon Cannon  
  82  6:09  Robotics Facility  
  82  6:12  Photon Cannon  
  82  6:21  Photon Cannon  
  82  6:24  Gateway  
  82  6:37  Void Ray x2 (Chrono Boost)  
Show
View Real Time Build Order
Export as new Build Order

A.I. 1 (Very Easy) Terran 

Build Orders:  

Get SALT Encoding   

  12  0:00  SCV  
  13  0:13  SCV  
  14  0:18  Supply Depot  
  14  0:39  Refinery  
  14  0:43  Barracks  
  14  1:08  Supply Depot  
  14  1:18  Refinery  
  14  1:30  Marine  
  14  1:32  Orbital Command  
  15  1:58  SCV  
  16  2:10  SCV  
  16  2:14  Marine  
  18  2:23  SCV  
  19  2:33  Barracks Tech Lab  
  19  2:35  SCV  
  20  2:47  SCV  
  21  2:59  SCV, Marauder  
  24  6:36  SCV  
  24  6:37  Marine  
  24  6:38  Supply Depot  
  26  6:41  Factory  
  26  6:48  SCV  
  26  6:50  Command Center  
  27  7:00  SCV  
  28  7:03  Supply Depot  
  28  7:09  Marine  
  28  7:12  SCV  
  30  7:25  SCV  
  30  7:27  Starport  
Show
View Real Time Build Order
Export as new Build Order

A.I. 2 (Very Easy) Protoss 

Build Orders:  

Get SALT Encoding   

  12  0:01  Probe  
  13  0:13  Probe  
  14  0:20  Pylon  
  14  0:37  Assimilator  
  14  0:42  Gateway  
  14  0:45  Pylon  
  14  1:15  Assimilator  
  14  1:23  Probe  
  14  1:30  Zealot  
  14  1:31  Probe  
  17  1:34  Cybernetics Core  
  17  1:39  Probe  
  19  1:50  Probe  
  20  2:00  Warp Gate, Probe  
  20  2:08  Probe  
  22  2:38  Stalker  
  24  5:38  Stalker  
  26  5:43  Pylon  
  24  5:59  Nexus  
  15  6:12  Stalker  
  11  6:28  Nexus  
  9  6:36  Nexus  
  6  6:41  Zealot  
  4  7:18  Nexus  
  4  7:21  Pylon  
  4  7:27  Nexus  
  3  7:33  Pylon  
  3  7:36  Assimilator  
Show
View Real Time Build Order
Export as new Build Order

A.I. 3 (Very Easy) Protoss 

Build Orders:  

Get SALT Encoding   

  12  0:01  Probe  
  13  0:13  Probe  
  14  0:19  Pylon  
  14  0:37  Assimilator  
  14  0:43  Gateway  
  14  0:47  Pylon  
  14  1:18  Probe  
  15  1:26  Probe  
  16  1:33  Cybernetics Core  
  16  1:34  Probe  
  17  1:45  Probe  
  18  1:56  Probe  
  18  1:59  Warp Gate  
  19  2:04  Probe  
  19  2:12  Stalker  
  22  5:03  Probe  
  23  5:08  Assimilator, Zealot  
  23  5:11  Robotics Facility, Probe  
  23  5:14  Pylon  
  25  5:21  Probe  
  27  5:33  Pylon  
  27  5:37  Nexus  
  27  5:52  Stalker  
  27  5:55  Pylon  
  29  5:59  Observer  
  23  6:17  Observer  
  23  6:18  Pylon  
  23  6:20  Stalker  
  21  6:45  Probe  
  15  6:50  Zealot  
  15  6:53  Probe  
Tags
 
Add a new tag
Caveats
  • Supply blocks, unpowered buildings, or Contaminate may cause inaccurate times.
  • Supply counts are checked every 10 seconds.